 Dungeon Crawl Stone Soup version 0.29-a0-723-gce39da1c22 (webtiles) character file.

Game seed: 10512303760286670613

4344 Sabo the Protected (level 10, 0/83 (86) HPs)
             Began as a Minotaur Fighter on June 28, 2022.
             Was a Believer of Nemelex Xobeh.
             Slain by a two-headed ogre
             ... wielding a +0 giant spiked club
              (4 damage)
             ... on level 8 of the Dungeon.
             The game lasted 00:56:55 (10254 turns).

Sabo the Protected (Minotaur Fighter)              Turns: 10254, Time: 00:56:56

HP:   0/83 (86)     AC: 15    Str: 26    XL:     10   Next: 12%
MP:   0/9           EV:  9    Int:  5    God:    Nemelex Xobeh [**....]
Gold: 216           SH:  0    Dex:  9    Spells: 9/9 levels left

rFire   . . .      SeeInvis .   f - +5 long sword (freeze)
rCold   . . .      Faith    .   (no shield)
rNeg    . . .      Spirit   +   r - +2 chain mail {Will+}
rPois   .          Reflect  .   (helmet restricted)
rElec   .          Harm     .   x - +0 cloak
rCorr   +          Rampage  .   (no gloves)
Will    +....                   (no boots)
Stlth   ..........              d - amulet of guardian spirit
HPRegen 0.23/turn               G - ring of resist corrosion
MPRegen 0.11/turn               l - ring of flight

@: flying, lightly drained
A: horns 2, retaliatory headbutt
a: Renounce Religion, Draw Escape, Draw Destruction, Draw Summoning


You were on level 8 of the Dungeon.
You worshipped Nemelex Xobeh.
Nemelex Xobeh was pleased with you.
You visited 1 branch of the dungeon, and saw 8 of its levels.

You collected 359 gold pieces.
You spent 143 gold pieces at shops.

Inventory:

Hand Weapons
 f - a +5 long sword of freezing (weapon)
 n - the +9 shortbow of the Messenger {speed, rCorr Stlth+}
   (You found it on level 7 of the Dungeon)

   Attacks with this weapon are significantly faster.
   rCorr:     It protects you from acid and corrosion.
   Stlth:     It makes you more stealthy.
 H - a +0 war axe of venom
Missiles
 a - 14 boomerangs of dispersal (quivered)
 j - 2 atropa-tipped darts
 s - 25 poisoned darts
Armour
 c - a +0 buckler
 r - a +2 chain mail of willpower (worn)
 x - a +0 cloak (worn)
Jewellery
 d - an amulet of guardian spirit (around neck)
 l - a ring of flight (right hand)
 G - a ring of resist corrosion (left hand)
Wands
 o - a wand of paralysis (8)
 B - a wand of quicksilver (14)
Scrolls
 b - a scroll of fear
 t - a scroll of enchant armour {unknown}
 w - a scroll of teleportation
 A - a scroll of magic mapping
 D - a scroll of summoning
 E - a scroll of vulnerability {unknown}
 F - a scroll of brand weapon {unknown}
Potions
 e - 2 potions of lignification {unknown}
 g - a potion of invisibility {unknown}
 h - 2 potions of flight
 k - a potion of curing
 m - a potion of heal wounds
 p - 2 potions of mutation {unknown}
 q - 3 potions of ambrosia {unknown}
 u - a potion of magic {unknown}
 z - a potion of haste {unknown}
 C - a potion of might


   Skills:
 + Level 7.3 Fighting
 + Level 6.3 Long Blades
 + Level 9.8 Axes
 + Level 0.3 Ranged Weapons
 + Level 10.3 Armour
 + Level 3.1 Dodging
 + Level 0.4 Stealth
 + Level 6.5 Shields


You had 9 spell levels left.
You didn't know any spells.
Your spell library contained the following spells:

 Spells                   Type           Power      Damage    Failure   Level
 Shock                    Conj/Air       0%         1d3       94%         1
 Swiftness                Air            0%         N/A       100%        3
 Airstrike                Air            0%         N/A       100%        4


Dungeon Overview and Level Annotations

Branches:
Dungeon (8/15)             Temple (0/1) D:5
   Lair: D:8-11

Altars:
Ashenzari
Fedhas
Nemelex Xobeh
Qazlal
Trog
Yredelemnul
The Shining One

Shops:
D:2 (   D:6 *


Innate Abilities, Weirdness & Mutations

You have a pair of horns on your head.
You reflexively headbutt those who attack you in melee.


Message History

You hit the wight.
You headbutt the wight, but do no damage.
You punch the wight.
The wight is severely damaged.
The wight closely misses you.
You slash the wight!
You destroy the wight!
Throw: throwing net
Press: ? - help, Q - select action, (/) - cycle Shift-Dir - straight line, f - two-headed ogre
Aim: a two-headed ogre, wielding two +0 giant spiked clubs (73% to hit)
You throw a throwing net.
The throwing net completely misses the two-headed ogre.
The two-headed ogre hits you with a +0 giant spiked club!!
The two-headed ogre hits you but does no damage.
Items here: $ ( ) [.
You slash the two-headed ogre! You freeze the two-headed ogre.
You headbutt the two-headed ogre.
The two-headed ogre is moderately wounded.
You hit the two-headed ogre. You freeze the two-headed ogre.
The two-headed ogre is moderately wounded.
The two-headed ogre hits you with a +0 giant spiked club!!
The two-headed ogre hits you with a +0 giant spiked club.
* * * LOW HITPOINT WARNING * * *
An orc warrior comes into view. It is wielding a +0 dire flail.
The orc warrior shouts!
You barely miss the two-headed ogre.
The two-headed ogre is moderately wounded.
The two-headed ogre barely misses you. The two-headed ogre closely misses you.
The orc warrior unwields a +0 dire flail.
The orc warrior wields a +0 arbalest.
The orc warrior shoots a bolt.
The bolt hits you.
* * * LOW HITPOINT WARNING * * *
The orc warrior shoots a bolt.
The bolt barely misses you.
The orc warrior shoots a bolt.
The bolt hits you!
* * * LOW HITPOINT WARNING * * *
The two-headed ogre hits you with a +0 giant spiked club.
* * * LOW HITPOINT WARNING * * *
The two-headed ogre hits you with a +0 giant spiked club.
You die...
Your body glows slightly and disappears. ..P.....# .. ##.......## PP.

'(....... ....
#o.....#
PP..####......#
........P.....#
...P...P..).#
........PO..#
...P.P..@..##
...P.....####.#
........).....# #.#
....###)####### #.#
?.. #.### #.# ## #)).#
#.# ###.# #.# ### #.#
#.#
##.###.#######.#######


You could see a two-headed ogre and an orc warrior.

Vanquished Creatures
  Pikel (D:7)
  A manticore (D:8)
  Eustachio (D:4)
  A water moccasin (D:7)
  2 sky beasts
  3 black bears
  3 ogres
  A centaur (D:6)
  The ghost of flyleaff the Insei, an amateur OpTm (D:3)
  A phantom (D:7)
  A kobold brigand (D:6)
  7 bullfrogs
  2 scorpions
  11 wights
  3 killer bees (D:8)
  An electric eel (D:7)
  A howler monkey (D:6)
  3 jellies
  5 hounds
  4 orc priests
  A gnoll shaman (D:7)
  3 iguanas
  9 orc wizards
  5 gnolls (D:7)
  14 adders
  A white imp (D:6)
  An ufetubus (D:4)
  3 worms
  3 dart slugs
  10 orcs
  8 ball pythons
  6 bats
  3 endoplasms
  5 giant cockroaches
  7 goblins
  3 hobgoblins (D:1)
  7 jackals (D:3)
  13 kobolds
  4 quokkas
  A frilled lizard (D:1)
  5 rats
165 creatures vanquished.

Vanquished Creatures (others)
  An adder (D:2)
  12 fungi (D:8)
  18 plants (D:8)
31 creatures vanquished.

Grand Total: 196 creatures vanquished

Notes
Turn   | Place    | Note
-------+----------+-------------------------------------------
     0 | D:1      | Sabo the Minotaur Fighter began the quest for the Orb.
     0 | D:1      | Reached XP level 1. HP: 19/19 MP: 0/0
   186 | D:1      | Reached XP level 2. HP: 17/27 MP: 1/1
   720 | D:1      | Reached skill level 4 in Armour
   781 | D:1      | Reached XP level 3. HP: 32/33 MP: 2/2
  1286 | D:2      | Found a sparkling altar of Nemelex Xobeh.
  1303 | D:2      | Found Asysaqu's Antique Weapon Emporium.
  1449 | D:2      | Found a faded altar of an unknown god.
  1715 | D:2      | Became a worshipper of Nemelex Xobeh the Trickster
  1790 | D:3      | Found a bloodstained altar of Trog.
  1854 | D:3      | Found a glowing golden altar of the Shining One.
  1857 | D:3      | Noticed flyleaff's ghost (amateur OpTm)
  1878 | D:3      | Reached XP level 4. HP: 41/41 MP: 3/3
  1946 | D:3      | Found a transporter.
  2058 | D:3      | Found a faded altar of an unknown god.
  2063 | D:3      | Found a stormy altar of Qazlal.
  2717 | D:3      | Reached * piety under Nemelex Xobeh
  2835 | D:3      | Found a transporter.
  3151 | D:3      | Reached XP level 5. HP: 39/47 MP: 4/4
  3151 | D:3      | Killed flyleaff's ghost
  3152 | D:3      | Reached skill level 5 in Axes
  3334 | D:4      | Reached skill level 5 in Fighting
  3401 | D:4      | Received a gift from Nemelex Xobeh
  3564 | D:4      | Reached XP level 6. HP: 56/56 MP: 5/5
  3747 | D:4      | Reached skill level 5 in Armour
  4007 | D:4      | Noticed Eustachio
  4042 | D:4      | Killed Eustachio
  4043 | D:4      | Reached skill level 5 in Shields
  4043 | D:4      | Reached XP level 7. HP: 32/61 MP: 4/6
  4735 | D:5      | Entered Level 5 of the Dungeon
  4805 | D:5      | Reached skill level 6 in Armour
  4805 | D:5      | Reached skill level 1 in Dodging
  4838 | D:5      | Reached XP level 8. HP: 15/70 MP: 3/7
  5662 | D:5      | Found a staircase to the Ecumenical Temple.
  6159 | D:6      | Found Dooni's Assorted Antiques.
  6256 | D:6      | Bought a runed war axe for 143 gold pieces
  6273 | D:6      | Found a broken altar of Ashenzari.
  6522 | D:6      | Reached ** piety under Nemelex Xobeh
  6537 | D:6      | Reached skill level 7 in Armour
  7126 | D:6      | Found a basalt altar of Yredelemnul.
  7217 | D:6      | Reached skill level 8 in Armour
  7322 | D:6      | Upgraded the game from 0.29-a0-721-g7f417c9bbb to
                  | 0.29-a0-723-gce39da1c22
  7544 | D:6      | Found a blossoming altar of Fedhas.
  7835 | D:7      | Noticed Pikel
  7846 | D:7      | Killed Pikel
  7847 | D:7      | Reached skill level 1 in Long Blades
  7847 | D:7      | Reached XP level 9. HP: 37/78 MP: 4/8
  8259 | D:7      | Reached skill level 9 in Armour
  8837 | D:7      | Identified the +9 shortbow of the Messenger {speed, rCorr
                  | Stlth+}
  9593 | D:7      | Reached skill level 5 in Long Blades
  9772 | D:8      | Noticed a manticore
  9795 | D:8      | Killed a manticore
  9796 | D:8      | Reached skill level 10 in Armour
  9796 | D:8      | Reached XP level 10. HP: 36/86 MP: 0/9
 10242 | D:8      | Noticed a two-headed ogre
 10254 | D:8      | HP: 4/83 [two-headed ogre/+0 giant spiked club (4)]
 10254 | D:8      | Slain by a two-headed ogre

Illustrated notes

Levels and vault maps discovered:
D:1:      mrwooster_arrival_statue_3, layout_basic
D:2:      layout_rooms, serial_shops, nicolae_shop_overgrown_old_shop,
          basic_altar, ebering_ecumenical_altar_abandoned, lemuel_old_faithful
D:3:      layout_basic, nemelex_diamond_rough_becter,
          mainiacjoe_overflow_small_starburst,
          nicolae_overflow_ecumenical_swirl, nicolae_overflow_crystal_walls,
          gammafunk_ghost_arena
D:4:      layout_loops_ring, nrook_uturn, kennysheep_cluttered_room,
          uniq_eustachio
D:5:      layout_basic, minmay_temple_entry_enclosed_plants,
          minmay_misc_feat_square
D:6:      layout_layer_cave, mainiacjoe_overflow_24_doors,
          evilmike_ruin_ashenzari, lemuel_doored_altar, serial_shops,
          nicolae_shop_overgrown_old_shop, st_stairs_10,
          minmay_unpleasant_kobolds
D:7:      layout_basic, minivault_4, hangedman_glass_teeth, uniq_pikel
D:8:      layout_loops_ring, mainiacjoe_overflow_alcove_1,
          grunt_lair_entry_orc_guard_hut

Skill      XL: |  1  2  3  4  5  6  7  8  9 10 |
---------------+-------------------------------+-----
Fighting       | 4 5 6 7 |  7.3
Axes           | 3 4 5 6 7 9 |  9.8
Armour         | 4 5 6 8 10 | 10.3
Shields        | 4 5 6 |  6.5
Dodging        | 1 2 3 |  3.1
Long Blades    | 1 5 6 |  6.3
Ranged Weapons | |  0.3
Stealth        | |  0.4

Action                   |  1- 3 |  4- 6 |  7- 9 | 10-12 || total
-------------------------+-------+-------+-------+-------++-------
Melee: War axe           |    83 |   112 |   131 |       ||   326
       Headbutt          |     8 |    16 |    46 |     5 ||    75
       Long sword        |       |       |   115 |    29 ||   144
       Punch             |       |       |     1 |     2 ||     3
 Fire: Shortbow          |       |       |     2 |       ||     2
Throw: Throwing net      |       |       |     1 |     1 ||     2
Invok: Draw Escape       |       |       |     1 |       ||     1
       Draw Destruction  |       |       |     1 |       ||     1
  Use: Potion            |     1 |     3 |     7 |       ||    11
       Scroll            |       |     1 |     6 |       ||     7
Armor: Scale mail        |    42 |       |       |       ||    42
       Chain mail        |       |    91 |   202 |    18 ||   311
Dodge: Dodged            |    48 |    57 |   140 |    15 ||   260
Block: Buckler           |    21 |    34 |    42 |       ||    97

Table legend: (Time is in decaauts)
 A = Elapsed time spent in this place.
 B = Non-inter-level travel time spent in this place.
 C = Inter-level travel time spent in this place.
 D = Time resting spent in this place.
 E = Time spent auto-exploring this place.
 F = Levels seen in this place.
 G = Mean time per level.
                   A        B        C        D        E       F      G
               +--------+--------+--------+--------+--------+-----+--------+
         Total |  10374 |  10374 |      0 |   3163 |      0 |   8 | 1296.8 |
       Dungeon |  10374 |  10374 |      0 |   3163 |      0 |   8 | 1296.8 |
               +--------+--------+--------+--------+--------+-----+--------+

Top non-repeatable levels by time:
     D:7: 1937 daAuts
     D:6: 1710 daAuts
     D:3: 1562 daAuts
     D:4: 1454 daAuts
     D:5: 1403 daAuts
     D:1: 1117 daAuts
     D:2: 672 daAuts
     D:8: 516 daAuts
